 Dungeon Crawl Stone Soup version 0.30-a0-728-gc68057be0a (webtiles) character file.

Game seed: 16954407961281089275

233 bpung the Covered (level 6, -4/39 HPs)
             Began as a Gargoyle Fighter on Jan 31, 2023.
             Slain by a worm (7 damage)
             ... on level 3 of the Dungeon.
             The game lasted 00:05:51 (1826 turns).

bpung the Covered (Gargoyle Fighter)                Turns: 1826, Time: 00:05:52

Health: -4/39      AC: 12    Str: 21      XL:     6   Next: 4%
Magic:  6/6        EV:  9    Int:  6 (9)  God:
Gold:   146        SH:  4    Dex:  9      Spells: 5/5 levels left

rFire   . . .      SeeInvis .    a - +0 flail
rCold   . . .      Faith    .    c - +0 buckler
rNeg    + . .      Spirit   .    b - +0 scale mail
rPois   ∞          Reflect  .    (no helmet)
rElec   +          Harm     .    (no cloak)
rCorr   .          Rampage  .    (no gloves)
Will    .....                    h - +0 pair of boots Stlth
                                 (no amulet)
HPRegen 0.26/turn                (no ring)
MPRegen 0.10/turn                (no ring)

@: unable to read, unable to drink
A: sickness immunity, AC +4, negative energy resistance 1, electricity
resistance, torment resistance 1, petrification resistance, deterioration 2,
inability to drink after injury 1, inability to read after injury 1
a: no special abilities


You were on level 3 of the Dungeon.
You visited 1 branch of the dungeon, and saw 3 of its levels.

You collected 146 gold pieces.

Inventory:

Hand Weapons
 a - a +0 flail (weapon)
Missiles
 f - 5 poisoned darts (quivered)
Armour
 b - a +0 scale mail (worn)
 c - a +0 buckler (worn)
 h - a +0 pair of boots (worn)
Jewellery
 i - an amulet of magic regeneration
Scrolls
 e - a scroll of fog
 g - a scroll of noise {unknown}
Potions
 d - a potion of might


   Skills:
 + Level 4.5 Fighting
 + Level 3.5 Maces & Flails
 + Level 4.5 Armour
 + Level 4.5 Shields


You had 5 spell levels left.
You didn't know any spells.
Your spell library contained the following spells:

 Spells                   Type           Power      Damage    Failure   Level
 Ignite Poison            Fire/Tmut/Pois 0%         N/A       99%         3
 Kindle Blastsparks       Fire/Tloc/Air  0%         2d10      99%         3
 Freezing Cloud           Conj/Ice/Air   0%         6-21      100%        5


Dungeon Overview and Level Annotations

Branches:
Dungeon (3/15)

Altars:


Innate Abilities, Weirdness & Mutations

You are immune to sickness and miasma.
Your stone body is resilient. (AC +4)
You are immune to poison.
You resist negative energy. (rN+)
You are resistant to electric shocks. (rElec)
You are resistant to unholy torment.
You are immune to petrification.
Your body often deteriorates upon taking damage.
You occasionally lose the ability to drink potions when taking damage.
You occasionally lose the ability to read scrolls when taking damage.


Message History

You kill the kobold!
You block the bat's attack.
You barely miss the orc. The bat barely misses you.
The bat hits you but does no damage. The orc closely misses you.
The bat barely misses you. The orc hits you but does no damage.
You hit the orc but do no damage. You block the bat's attack.
The orc hits you with a +0 flail.
* * * LOW HITPOINT WARNING * * *
The bat hits you but does no damage.
You hit the orc.
The orc is almost dead.
The bat closely misses you. The orc hits you with a +0 flail.
* * * LOW HITPOINT WARNING * * *
You sock the orc!
You kill the orc!
The bat hits you but does no damage. x3
The bat attacks as you move away! The bat hits you but does no damage.
The worm bites you but does no damage. The bat hits you but does no damage.
Items here: )) ††.
You barely miss the worm. The bat hits you but does no damage.
The worm misses you.
You hit the worm.
The worm is moderately wounded.
The bat barely misses you. The bat hits you.
* * * LOW HITPOINT WARNING * * *
The bat hits you but does no damage.
You barely miss the worm.
The worm is moderately wounded.
The worm bites you but does no damage.
You sock the worm!
The worm is severely wounded.
The bat barely misses you. The bat hits you but does no damage.
The worm bites you.
* * * LOW HITPOINT WARNING * * *
You hit the worm.
The worm is severely wounded.
The bat misses you. The worm bites you!
You feel threatened and lose the ability to read scrolls!
You feel threatened and lose the ability to drink potions!
You die...

### #........# ..#
#........# ..#
#........# ..#
#.>......# ..#
#........# ..#
##........#
..#########.........#
........##......w...#
........##....##@###.#
..†.......†...##.#
###.........K.##.b#
#.....##...w###.##...
###....####..........#
.......# #..........#
###...... ####.....<.#
#........# #.........
..#....... #.........


You could see a worm and a bat.

Vanquished Creatures
  An orc priest (D:3)
  Jessica (D:2)
  4 adders
  6 gnolls (D:2)
  A worm (D:2)
  2 dart slugs
  4 orcs
  5 ball pythons
  3 bats (D:1)
  6 endoplasms
  3 giant cockroaches
  A goblin (D:1)
  3 hobgoblins
  12 jackals
  6 quokkas
  5 frilled lizards
  3 kobolds
  7 rats
73 creatures vanquished.

Notes
Turn   | Place    | Note
-------+----------+-------------------------------------------
     0 | D:1      | bpung the Gargoyle Fighter began the quest for the Orb.
     0 | D:1      | Reached XP level 1. HP: 14/14 MP: 1/1
    66 | D:1      | Reached XP level 2. HP: 5/19 MP: 2/2
   439 | D:1      | Reached XP level 3. HP: 22/23 MP: 3/3
   555 | D:1      | Gained mutation: Your body sometimes deteriorates upon
                  | taking damage. [potion of mutation]
   555 | D:1      | Gained mutation: You have hidden genetic defects. [potion
                  | of mutation]
   555 | D:1      | Gained mutation: Your body often deteriorates upon taking
                  | damage. [potion of mutation]
   648 | D:2      | Gained mutation: You occasionally lose the ability to drink
                  | potions when taking damage. [hidden defects]
   712 | D:2      | Gained mutation: You occasionally lose the ability to read
                  | scrolls when taking damage. [hidden defects]
   712 | D:2      | Lost mutation: You have hidden genetic defects. [hidden
                  | defects expressed]
   723 | D:2      | Reached XP level 4. HP: 14/29 MP: 4/4
   998 | D:2      | Noticed Jessica
  1005 | D:2      | Killed Jessica
  1006 | D:2      | Reached XP level 5. HP: 29/33 MP: 5/5
  1814 | D:3      | Reached XP level 6. HP: 18/39 MP: 6/6
  1826 | D:3      | Slain by a worm

Illustrated notes

Levels and vault maps discovered:
D:1:      reono_arrival_forest_river, layout_rooms
D:2:      layout_loops_ring, grunt_ministairs_14, st_stairs_4, uniq_jessica
D:3:      layout_rooms, minmay_checkerbox

Skill      XL: |  1  2  3  4 |
---------------+-------------+-----
Armour         | 4 |  4.5
Shields        | 4 |  4.5
Fighting       | 4 |  4.5
Maces & Flails | 3 |  3.5

Action                     |  1- 3 |  4- 6 || total
---------------------------+-------+-------++-------
  Melee: Flail             |   150 |   180 ||   330
  Throw: Dart              |       |     1 ||     1
    Use: Potion            |     1 |     3 ||     4
         Scroll            |     1 |     1 ||     2
 Armour: Scale mail        |   145 |   130 ||   275
  Dodge: Dodged            |   125 |   102 ||   227
  Block: Buckler           |    44 |    55 ||    99

Table legend: (Time is in decaauts)
 A = Elapsed time spent in this place.
 B = Non-inter-level travel time spent in this place.
 C = Inter-level travel time spent in this place.
 D = Time resting spent in this place.
 E = Time spent auto-exploring this place.
 F = Levels seen in this place.
 G = Mean time per level.
                   A        B        C        D        E       F      G
               +--------+--------+--------+--------+--------+-----+--------+
         Total |   1912 |   1887 |     25 |    146 |    973 |   3 |  637.3 |
       Dungeon |   1912 |   1887 |     25 |    146 |    973 |   3 |  637.3 |
               +--------+--------+--------+--------+--------+-----+--------+

Top non-repeatable levels by time:
     D:2: 989 daAuts
     D:1: 599 daAuts
     D:3: 324 daAuts
